 Dungeon Crawl Stone Soup version 0.21.1-1-g345015f (webtiles) character file.

16841 shakethe the Cleaver (level 12, -3/72 HPs)
             Began as a Gargoyle Fighter on Feb 15, 2018.
             Was the Champion of Okawaru.
             Killed by divine providence
             ... invoked by a meliai
              (15 damage)
             ... on level 14 of the Dungeon.
             The game lasted 00:33:29 (11112 turns).

shakethe the Cleaver (Gargoyle Fighter)            Turns: 11112, Time: 00:33:30

Health: -3/72      AC: 36    Str: 22    XL:     12   Next: 41%
Magic:  6/7        EV: 11    Int: 15    God:    Okawaru [******]
Gold:   311        SH:  0    Dex: 11    Spells: 11/11 levels left

rFire    + . .     SeeInvis .   P - +0 battleaxe (elec)
rCold    + . .     Gourm    .   (shield currently unavailable)
rNeg     + . .     Faith    .   o - +1 plate armour
rPois    ∞         Spirit   .   u - +2 helmet
rElec    +         Reflect  .   k - +2 cloak
rCorr    +         Harm     .   H - +0 pair of gloves {archery}
MR       .....                  T - +0 pair of boots
Stlth    ..........             n - amulet of regeneration {+regen, !d}
HPRegen  0.62/turn              w - ring "Xaeg" {rCorr +Blink Int+3 Stlth+}
MPRegen  0.10/turn              R - ring "Opiqom" {rPois rF+ rC+ MP-9 Dex+2}

@: heroism, very slightly contaminated
A: negative energy resistance 1, electricity resistance, unbreathing,
petrification resistance, rot immunity, AC +8
a: Heroism, Finesse, Renounce Religion, Evoke Blink


You were on level 14 of the Dungeon.
You worshipped Okawaru.
Okawaru was exalted by your worship.
You were not hungry.

You visited 1 branch of the dungeon, and saw 14 of its levels.
You also visited: Ossuary.

You collected 681 gold pieces.
You spent 370 gold pieces at shops.

Inventory:

Hand Weapons
 F - a +4 battleaxe
   (You took it off a wight on level 7 of the Dungeon)
 P - a +0 battleaxe of electrocution (weapon)
   (You took it off an orc warrior on level 10 of the Dungeon)
Missiles
 h - 4 curare-tipped needles
 i - 3 throwing nets {=f, !d}
 s - 280 stones (quivered)
Armour
 k - a +2 cloak (worn)
   (You found it on level 7 of the Dungeon)
 o - a +1 plate armour (worn)
   (You found it on level 1 of the Dungeon)
 u - a +2 helmet (worn)
   (You found it on level 3 of the Dungeon)
 H - a +0 pair of gloves of archery (worn)
   (Okawaru gifted it to you on level 11 of the Dungeon)
 T - a +0 pair of boots (worn)
   (You found it on level 12 of the Dungeon)
Magical Staves
 y - an uncursed staff of wizardry {wiz+, !a}
   (You found it on level 4 of the Dungeon)
Jewellery
 n - an amulet of regeneration (around neck) {+regen, !d}
   (You found it on level 1 of the Dungeon)
 w - the ring "Xaeg" (left hand) {rCorr +Blink Int+3 Stlth+}
   (You found it on level 4 of the Dungeon)

   [ring of resist corrosion]

   It affects your intelligence (+3).
   It lets you blink.
   It makes you more stealthy.
 C - an uncursed ring of flight {+Fly, !d}
   (You found it on level 8 of the Dungeon)
 N - an uncursed ring of fire {rF+, rC-}
   (You found it on level 10 of the Dungeon)
 R - the ring "Opiqom" (right hand) {rPois rF+ rC+ MP-9 Dex+2}
   (You bought it in a shop on level 10 of the Dungeon)

   [ring of protection from fire]

   It affects your dexterity (+2).
   It protects you from fire.
   It protects you from cold.
   It protects you from poison.
   It affects your magic capacity (-9).
 S - a +6 ring of strength {unknown}
   (You found it on level 11 of the Dungeon)
 U - an uncursed ring of see invisible {unknown}
   (You found it on level 11 of the Dungeon)
Wands
 v - a wand of flame (20)
   (You found it on level 8 of the Dungeon)
 I - a wand of paralysis (11)
   (You found it on level 10 of the Dungeon)
 J - a wand of polymorph (41)
   (You found it on level 9 of the Dungeon)
 M - a wand of acid (5)
   (You found it on level 9 of the Dungeon)
 Z - a wand of iceblast (6)
   (You found it on level 13 of the Dungeon)
Scrolls
 g - 8 scrolls of identify
 l - a scroll of teleportation
 m - 2 scrolls of fog
 r - 16 scrolls of remove curse
 x - 2 scrolls of fear
 Q - 4 scrolls of magic mapping {!r}
 V - a scroll of summoning {unknown}
 Y - a scroll of enchant armour
Potions
 b - 2 potions of heal wounds
 d - 7 potions of might
 e - 4 potions of lignification {!q}
 j - 4 potions of resistance
 p - 4 potions of brilliance
 q - 5 potions of flight
 t - 7 potions of curing
 A - a potion of berserk rage {!q}
 B - a potion of agility
 E - 2 potions of haste
 L - a potion of mutation {!q}
 O - a potion of ambrosia
Books
 a - a book of Party Tricks
   (You found it on level 11 of the Dungeon)
 z - a book of Cantrips
   (You found it on level 5 of the Dungeon)
Miscellaneous
 K - a lamp of fire
   (You found it on level 9 of the Dungeon)
Comestibles
 c - 5 chunks of flesh {@w0}
 f - 22 rations


   Skills:
 + Level 7.3(12.3) Fighting
 * Level 14.1(19.1) Axes
 + Level 7.9(12.9) Armour
 + Level 4.7(9.7) Dodging
   Level 3.2(8.2) Shields
 + Level 6.2 Invocations
 + Level 5.1 Evocations


You had 11 spell levels left.
You didn't know any spells.

Dungeon Overview and Level Annotations

Branches:
Dungeon (14/15)            Temple (0/1) D:4             Orc (0/2) D:10
 Vaults (0/5) D:14
   Lair: D:8-11

Altars:
Ashenzari
Cheibriados
Gozag
Okawaru
Qazlal
Uskayaw
Xom
Yredelemnul
Beogh

Shops:
D:5 [   D:8 *[}[   D:10 =(%

Portals:
Trove: D:10 (give 6 scrolls of blinking)


Innate Abilities, Weirdness & Mutations

You are resistant to torment.
Your stone body is resilient. (AC +8)
You are immune to poison.
You resist negative energy. (rN+)
You are resistant to electric shocks. (rElec)
You can survive without breathing.
You are immune to petrification.
You are immune to rotting.


Message History

You are too injured to fight recklessly!
You take 40 damage, and have 32/72 hp.
MASSIVE DAMAGE!!
You gain the combat prowess of a mighty hero.
The meliai hits you but does no damage.
The meliai stings you but does no damage.
The meliai zombie hits you. The meliai zombie barely misses you.
The meliai hits you but does no damage. The meliai stings you.
The meliai zombie hits you but does no damage.
The meliai zombie closely misses you.
You take 3 damage, and have 29/72 hp.
You now have 5/7 mp.
You barely miss the meliai.
Your plate armour prevents you from hitting the meliai zombie.
The meliai closely misses you.
The meliai stings you but does no damage.
The meliai zombie hits you. The meliai zombie closely misses you.
You take 3 damage, and have 26/72 hp.
You feel much better. The meliai barely misses you. The meliai misses you.
The meliai zombie hits you but does no damage.
The meliai zombie hits you. The meliai hits you but does no damage.
The meliai stings you but does no damage.
The meliai zombie barely misses you. x2
You regained 18 hp, and now have 44/72 hp.
You hit the meliai. Lightning courses through the meliai!
You hit the meliai zombie.
The meliai calls upon its god to heal the meliai zombie.
The meliai zombie is healed somewhat.
The meliai zombie hits you but does no damage. x2
You barely miss the meliai. You hit the meliai zombie.
The meliai calls upon its god to heal the meliai zombie.
The meliai zombie is healed somewhat.
The meliai zombie barely misses you.
The meliai zombie hits you but does no damage.
The meliai calls down the wrath of its god upon you.
Something smites you!
You take 12 damage, and have 32/72 hp.
The meliai zombie completely misses you.
The meliai zombie hits you but does no damage.
The meliai mumbles some strange prayers to its god against you.
Something smites you!
* * * LOW HITPOINT WARNING * * *
You take 15 damage, and have 17/72 hp.
MASSIVE DAMAGE!!
The meliai zombie hits you.
* * * LOW HITPOINT WARNING * * *
The meliai zombie barely misses you.
Unknown command.
Really read
G - a scroll of blinking {!r}? [Y]es or [N]o only, please.
Really read
G - a scroll of blinking {!r}? [Y]es or [N]o only, please.
Really read
G - a scroll of blinking {!r}? [Y]es or [N]o only, please.
Really read
G - a scroll of blinking {!r}? [Y]es or [N]o only, please.
Really read
G - a scroll of blinking {!r}? [Y]es or [N]o only, please.
Really read
G - a scroll of blinking {!r}?
Blink to where?
You are very lightly contaminated with residual magic.
As you read the scroll of blinking {!r}, it crumbles to dust.
The meliai invokes the aid of its god against you.
Something smites you!
* * * LOW HITPOINT WARNING * * *
You take 9 damage, and have 10/72 hp.
Okay, then.
Aim: a meliai, wielding a hand axe and wearing a scale mail (almost dead)
Okay, then.
You feel much better.
The meliai calls upon its god to heal the meliai zombie.
The meliai zombie is healed somewhat.
The meliai calls upon its god to heal the meliai zombie.
The meliai zombie is healed somewhat.
You regained 22 hp, and now have 32/72 hp.
The meliai zombie hits you but does no damage. x4
You slice the meliai zombie!!
Lightning courses through the meliai zombie!
The meliai zombie barely misses you.
The meliai zombie hits you but does no damage.
The meliai mumbles some strange prayers to its god against you.
Something smites you! The meliai zombie hits you.
* * * LOW HITPOINT WARNING * * *
The meliai zombie hits you but does no damage.
You take 14 damage, and have 18/72 hp.
You slice the meliai zombie!!
You destroy the meliai zombie!
Okawaru accepts your kill.
The meliai mumbles some strange prayers to its god against you.
Something smites you!
* * * LOW HITPOINT WARNING * * *
You take 17 damage, and have 1/72 hp.
MASSIVE DAMAGE!!
You feel much better.
The meliai mumbles some strange prayers to its god against you.
Something smites you!
* * * LOW HITPOINT WARNING * * *
You regained 11 hp, and now have 12/72 hp.
You closely miss the meliai.
The meliai calls down the wrath of its god upon you.
Something smites you!
You die...

#.#####
#.#####....
...#. #.#
#.# #####
#.# #.# #.#
#.# #.# #.#
#.# #.# #.#
#.# #.# #.#
#@# #y# #.#
#p# #.# #p#
#.# #p# #.#


You could see 3 humans and a meliai.

Vanquished Creatures
  The ghost of Lovchig the Cleaver, a journeyman DDFi of Makhleb (D:10)
  A centaur warrior (D:14)
  2 two-headed ogres
  A cyclops (D:13)
  5 ugly things
  A manticore (D:11)
  Joseph (D:7)
  A gargoyle (D:8)
  3 trolls
  A meliai zombie (D:14)
  2 hippogriffs (D:10)
  2 shadows
  A wraith (D:13)
  6 yaks (D:11)
  A basilisk (D:13)
  A human (D:14)
  A steam dragon (D:12)
  2 vampire mosquitoes (D:14)
  A water moccasin (D:8)
  6 ice beasts
  2 sky beasts
  A black bear (D:10)
  8 orc warriors
  6 ogres
  A phantom (D:10)
  A necrophage (D:11)
  7 centaurs
  5 big kobolds
  7 bullfrogs
  A wyvern skeleton (D:14)
  5 water moccasin zombies
  4 scorpions
  6 killer bees (D:11)
  8 wights (D:7)
  4 howler monkeys
  7 jellies
  3 crimson imps
  2 bullfrog zombies
  2 quasits
  3 centaur zombies
  9 hounds
  16 orc wizards
  2 bullfrog skeletons
  4 orc priests
  3 centaur skeletons
  4 iguanas
  8 worker ants
  4 big kobold zombies (Ossuary)
  2 hound zombies
  3 hound skeletons
  2 mummies (Ossuary)
  A worker ant zombie (D:9)
  A howler monkey skeleton (D:6)
  10 adders
  4 shadow imps
  3 oozes
  4 adder zombies (Ossuary)
  3 adder skeletons
  4 worms
  3 dart slugs (D:1)
  5 leopard geckos
  59 orcs
  2 ball pythons
  3 giant cockroaches
  7 goblins
  5 hobgoblins
  11 jackals
  4 quokkas
  7 bats
  3 frilled lizards
  5 hobgoblin zombies (Ossuary)
  A jackal skeleton (D:4)
  A jackal zombie (D:6)
  16 kobolds
  5 kobold zombies (Ossuary)
  A leopard gecko skeleton (D:5)
  3 orc zombies (Ossuary)
  12 rats
  2 bushes (D:5)
  3 fungi (D:10)
  3 plants (D:5)
371 creatures vanquished.

Notes
Turn   | Place    | Note
-------+----------+-------------------------------------------
     0 | D:1      | shakethe the Gargoyle Fighter began the quest for the Orb.
     0 | D:1      | Reached XP level 1. HP: 14/14 MP: 1/1
    11 | D:1      | Reached skill level 2 in Axes
    49 | D:1      | Reached XP level 2. HP: 15/19 MP: 2/2
   148 | D:1      | Reached skill level 3 in Axes
   166 | D:1      | Reached XP level 3. HP: 23/23 MP: 3/3
   708 | D:2      | Found a faded altar of an unknown god.
  1155 | D:2      | Found an iron altar of Okawaru.
  1350 | D:2      | Became a worshipper of Warmaster Okawaru
  1617 | D:3      | Reached XP level 4. HP: 28/28 MP: 4/4
  2343 | D:4      | Got a wavering platinum ring
  2383 | D:4      | Reached skill level 4 in Axes
  2383 | D:4      | Reached XP level 5. HP: 31/32 MP: 5/5
  2478 | D:4      | Reached skill level 4 in Armour
  2759 | D:4      | Reached XP level 6. HP: 37/37 MP: 6/6
  2884 | D:4      | Reached skill level 5 in Axes
  2892 | D:4      | Found a staircase to the Ecumenical Temple.
  3076 | D:4      | Reached skill level 12 in Axes
  3076 | D:4      | Reached XP level 7. HP: 41/41 MP: 7/7
  3077 | D:4      | Identified the ring "Xaeg" {rCorr +Blink Int+3 Stlth+} (You found it on level 4 of the Dungeon)
  3080 | D:5      | Entered Level 5 of the Dungeon
  3092 | D:5      | Reached * piety under Okawaru
  3185 | D:5      | Noticed a two-headed ogre
  3199 | D:5      | Killed a two-headed ogre
  3199 | D:5      | Reached ** piety under Okawaru
  3199 | D:5      | Reached skill level 1 in Dodging
  3199 | D:5      | Reached skill level 1 in Invocations
  3199 | D:5      | Reached skill level 1 in Evocations
  3199 | D:5      | Reached XP level 8. HP: 38/48 MP: 5/9
  3200 | D:5      | Found a shimmering altar of Xom.
  3201 | D:5      | Found a shattered altar of Ashenzari.
  3201 | D:5      | Found an opulent altar of Gozag.
  3210 | D:5      | Found a hide-covered altar of Uskayaw.
  3210 | D:5      | Found a snail-covered altar of Cheibriados.
  3218 | D:5      | Found a basalt altar of Yredelemnul.
  3218 | D:5      | Found a stormy altar of Qazlal.
  3247 | D:5      | Found Tegiam's Antique Armour Boutique.
  3383 | D:5      | Reached skill level 5 in Armour
  4258 | D:6      | Reached XP level 9. HP: 50/52 MP: 10/10
  4301 | D:6      | Reached skill level 4 in Fighting
  4301 | D:6      | Reached skill level 2 in Invocations
  4544 | D:6      | Noticed a troll
  4557 | D:6      | Killed a troll
  4557 | D:6      | Reached *** piety under Okawaru
  5033 | D:6      | Reached skill level 2 in Evocations
  5386 | D:7      | Reached skill level 2 in Dodging
  5416 | D:7      | Reached **** piety under Okawaru
  5448 | D:7      | Reached skill level 3 in Invocations
  5617 | D:7      | Reached XP level 10. HP: 58/58 MP: 12/12
  5846 | D:7      | Noticed Joseph
  5858 | D:7      | Killed Joseph
  6082 | D:8      | Reached skill level 5 in Fighting
  6090 | D:8      | Found Keoqez's Antique Armour Emporium.
  6140 | D:8      | Reached skill level 6 in Armour
  6148 | D:8      | Reached skill level 13 in Axes
  6177 | D:8      | Noticed a gargoyle
  6197 | D:8      | Killed a gargoyle
  6197 | D:8      | Reached skill level 3 in Evocations
  6214 | D:8      | Found Lunufedd's Antique Armour Boutique.
  6217 | D:8      | Found Retiab's General Store.
  6285 | D:8      | Found a sand-covered staircase.
  6321 | Ossuary  | Entered an ossuary
  6358 | Ossuary  | Reached ***** piety under Okawaru
  6637 | D:8      | Found Taarrath's Gadget Shoppe.
  6845 | D:8      | Found a runed door.
  6917 | D:8      | Reached skill level 4 in Invocations
  6923 | D:8      | Found a roughly hewn altar of Beogh.
  7121 | D:9      | Reached skill level 3 in Dodging
  7632 | D:10     | Entered Level 10 of the Dungeon
  7636 | D:10     | Found a staircase to the Orcish Mines.
  7726 | D:10     | Noticed Lovchig's ghost (journeyman DDFi)
  7750 | D:10     | Killed Lovchig's ghost
  7750 | D:10     | Reached XP level 11. HP: 51/64 MP: 14/14
  7783 | D:10     | Found Tysautsi's Weapon Shoppe.
  7901 | D:10     | Found a portal to a secret trove of treasure.
  8050 | D:10     | Found Iplyam's Jewellery Shoppe.
  8053 | D:10     | Bought the ring "Opiqom" {rPois rF+ rC+ MP-9 Dex+2} for 370 gold pieces
  8227 | D:10     | Found Usexori's Food Emporium.
  8347 | D:11     | Noticed a manticore
  8354 | D:11     | Killed a manticore
  8354 | D:11     | Reached skill level 6 in Fighting
  8467 | D:11     | Reached skill level 4 in Evocations
  8478 | D:11     | Received a gift from Okawaru
  8515 | D:11     | Reached skill level 5 in Invocations
  8531 | D:11     | Reached skill level 7 in Armour
  8683 | D:11     | You fall through a shaft!
  8915 | D:12     | Noticed a two-headed ogre
  8922 | D:12     | Killed a two-headed ogre
  8922 | D:12     | Reached skill level 4 in Dodging
  8932 | D:12     | Noticed a brown ugly thing
  8942 | D:12     | Killed a brown ugly thing
  8942 | D:12     | Reached ****** piety under Okawaru
  9297 | D:12     | Noticed a green ugly thing
  9299 | D:12     | Noticed a cyan ugly thing
  9308 | D:12     | Killed a cyan ugly thing
  9314 | D:12     | Killed a cyan ugly thing
  9818 | D:13     | Noticed a cyclops
  9832 | D:13     | Killed a cyclops
  9832 | D:13     | Reached XP level 12. HP: 46/71 MP: 4/16
 10071 | D:13     | Reached skill level 7 in Fighting
 10476 | D:13     | Reached skill level 6 in Invocations
 10489 | D:13     | Reached skill level 14 in Axes
 10884 | D:14     | Reached skill level 5 in Evocations
 10913 | D:14     | Noticed a centaur warrior
 10921 | D:14     | Killed a centaur warrior
 10994 | D:14     | Received a gift from Okawaru
 11086 | D:14     | Noticed a two-headed ogre
 11087 | D:14     | Found a gate to the Vaults.
 11087 | D:14     | Noticed a centaur warrior
 11100 | D:14     | HP: 17/72 [meliai/divine providence (15)]
 11106 | D:14     | HP: 10/72 [meliai/divine providence (10)]
 11110 | D:14     | HP: 1/72 [meliai/divine providence (17)]
 11112 | D:14     | Killed from afar by a meliai

Skill      XL: |  1  2  3  4  5  6  7  8  9 10 11 12 |
---------------+-------------------------------------+-----
Axes           | 2 3 4 12 13 14 | 14.1
Armour         | 4 5 6 7 |  7.9
Dodging        | 1 2 3 4 |  4.7
Invocations    | 1 3 4 5 6 |  6.2
Evocations     | 1 2 3 4 5 |  5.1
Fighting       | 4 5 6 7 |  7.3
Shields        | |  3.2

Action                   |  1- 3 |  4- 6 |  7- 9 | 10-12 || total
-------------------------+-------+-------+-------+-------++-------
Melee: War axe           |   137 |   166 |   294 |       ||   597
       Battleaxe         |       |       |    35 |   743 ||   778
Throw: Stone             |       |     1 |       |       ||     1
Invok: Heroism           |       |       |     3 |     8 ||    11
  Use: Scroll            |       |     8 |    12 |     9 ||    29
       Potion            |       |     1 |       |     3 ||     4
  Eat: Ration            |     1 |       |     2 |     2 ||     5
       Chunk             |       |     4 |     2 |    12 ||    18
Armor: Scale mail        |    76 |       |       |       ||    76
       Plate armour      |    41 |   129 |   139 |   668 ||   977
Dodge: Dodged            |    45 |    26 |    41 |   282 ||   394
Block: Shield            |    94 |   103 |    91 |       ||   288

Vault maps used:
D:1:      saegor_arrival_simple_c
D:2:      marbit_many_paths, chequers_ecumenical_altar_simple_redux
D:4:      cheibrodos_helix_gallery, minmay_temple_entry_grid, first_ration
D:5:      grunt_temple_overflow_open, serial_shops, nicolae_shop_stone,
          lexackson_kobold_supper
D:7:      grunt_ogre_cave, uniq_joseph
D:8:      serial_shops, kennysheep_mini_moat, nicolae_shop_behind_doors, shop,
          shop_fountains, nicolae_ossuary_entry_false_entrances,
          lightli_church_of_beogh
D:10:     orc_0_dummy, enter_trove_2, serial_shops, nicolae_shop_waterfront,
          kennysheep_mini, nicolae_shop_behind_doors, fungi_pond_lemuel
D:11:     erik_lair_island, minmay_item_behind_shaft
D:14:     david_vaults_3, minivault_25, uniq_sonja
Ossuary:  ossuary_tomb_2

Table legend:
 A = Turns spent in this place as a percentage of turns spent in the entire game.
 B = Non-inter-level travel turns spent in this place as a percentage of non-inter-level travel turns spent in the entire game.
 C = Inter-level travel turns spent in this place as a percentage of turns spent in this place.
 D = Turns resting spent in this place as a percentage of non-inter-level travel turns spent in this place.
 E = Turns spent auto-exploring this place as a percentage of non-inter-level travel turns spent in this place.
 F = Non-inter-level travel turns spent in this place divided by the number of levels of this place that you've seen.
                   A       B       C       D       E      F
               +-------+-------+-------+-------+-------+----------------------
         Total | 100.0 | 100.0 |   1.2 |   0.3 |  57.9 | 731.8
       Dungeon |  98.1 |  98.1 |   1.2 |   0.3 |  59.0 | 769.2
       Ossuary |   1.9 |   1.9 |   0.0 |   0.0 |   0.0 | 208.0
               +-------+-------+-------+-------+-------+----------------------

Table legend:
 A = Kills in this place as a percentage of kills in entire the game.
 B = Kills by you in this place as a percentage of kills by you in the entire game.
 C = Kills by friends in this place as a percentage of kills by friends in the entire game.
 D = Other kills in this place as a percentage of other kills in the entire game.
 E = Experience gained in this place as a percentage of experience gained in the entire game.
 F = Experience gained in this place divided by the number of levels of this place that you have seen.
                   A       B       C       D       E      F
               +-------+-------+-------+-------+-------+----------------------
         Total | 100.0 | 100.0 |   N/A |   N/A | 100.0 | 1582.2
       Dungeon |  92.6 |  92.6 |   N/A |   N/A |  98.0 | 1660.8
       Ossuary |   7.4 |   7.4 |   N/A |   N/A |   2.0 | 482.0
               +-------+-------+-------+-------+-------+----------------------
